[Event "Czech Open-Rapid 2022"]
[Site "Pardubice"]
[Date "2022.07.21"]
[Round "6.17"]
[White "Jurek, Josef"]
[Black "Jares, Michal"]
[Result "1/2-1/2"]
[ECO "A04"]
[WhiteElo "2200"]
[BlackElo "2208"]
[Annotator "TA"]
[PlyCount "152"]
[EventDate "2022.07.20"]
[EventType "swiss"]
[EventCountry "CZE"]
[SourceTitle "playchess.com"]
[Source "ChessBase"]
[SourceQuality "1"]
[TimeControl "1200+10"]

1. Nf3 c5 2. c4 Nc6 3. Nc3 g6 4. e3 Bg7 5. d4 cxd4 6. exd4 d6 7. d5 Ne5 {7...Nb8 is not played anymore.} 8. Nxe5 Bxe5 9. Bd3 {A35: Symmetrical English: 2 Nc3 Nc6 3 Nf3.} Bg7 10. O-O Nf6 11. h3 {White is slightly better.} O-O 12. Re1 {[#]} Bd7 $146 ({Predecessor:} 12... a6 13. Bg5 Re8 14. Qd2 Bd7 15. a4 Qa5 16. Qc2 Rac8 17. Qb3 Qc7 18. Be3 e6 {0-1 (60) Pantsulaia,L (2605)-Zwardon,V (2412) Chess.com INT 2018}) 13. Bg5 Re8 14. Qd2 Qc8 15. Rac1 {White is more active.} Bf5 16. Bxf5 Qxf5 17. b3 Rac8 18. Re2 a6 19. a4 {Inhibits b5.} Kf8 (19... Rb8 $142) 20. Rce1 $16 Rc7 (20... b6 $142 21. Bf4 Qd7) 21. Bh6 Kg8 22. Bxg7 Kxg7 23. Qd4 Kg8 24. a5 h5 25. Na4 Kg7 26. Nb6 Kg8 (26... g5 $142 27. b4 Qf4) 27. b4 $18 Kf8 28. c5 {aiming for cxd6.} Rd8 29. Re3 dxc5 (29... g5 $142 30. Rf3 Qg6) 30. bxc5 (30. Qc3 $142) 30... Rxd5 31. Nxd5 Qxd5 32. Qb4 Qc6 33. Re5 (33. Rd1 $18) 33... e6 $16 34. Rc1 Kg8 35. Re2 Nd5 36. Qd4 Qb5 37. Ra2 Rd7 (37... Qe8 $16) 38. Qe5 (38. c6 $1 $18 bxc6 39. Rb2 Qxa5 40. Rb8+ Rd8 41. Qa1) 38... Rc7 39. Rb2 Qxa5 40. c6 (40. Rcb1 $14 Qc3 41. Qxc3 Nxc3 42. Rxb7 Rxc5 43. R1b6) 40... Qa3 $2 (40... b5 $11) 41. Rcb1 $2 ({White must play} 41. cxb7 $18 Rxc1+ 42. Kh2) 41... Rxc6 $2 (41... b5 $11) 42. Rxb7 $18 {Hoping for Rb8+.} Rc1+ 43. Rxc1 $2 (43. Kh2 $1 $18 {is the precise move to win.} Rxb1 44. Rxb1) 43... Qxc1+ {[%mdl 4096] Endgame KQR-KQN} 44. Kh2 {Intending Rb8+ and mate.} Qf4+ 45. Qxf4 Nxf4 $16 {KR-KN} 46. Ra7 Nd3 47. f3 {[%cal Bf2f3,Bf3f4,Bf4g5][%mdl 1056] White has strong compensation.} ({Don't play} 47. Rxa6 Nxf2 48. Kg3 Nd3 $11) 47... Nb4 48. Rb7 Nd5 49. Ra7 Nb4 $1 50. Kg3 Kg7 51. Kf2 (51. f4 $142) 51... Kf6 52. f4 Nd3+ 53. Ke3 Nb4 54. Kf3 Kg7 55. g4 (55. g3 $16) 55... hxg4+ $1 $14 56. hxg4 g5 ({Black should try} 56... e5 $1 $14) 57. fxg5 $16 Kg6 58. Kg3 $1 Nd3 {[#]} 59. Kh4 ({Reject} 59. Rxa6 $6 Kxg5 60. Rc6 Nf4 $11) (59. Rc7 $1 $16) 59... Ne5 $11 60. Rxa6 {Black should prevent Ra3.} Nf3+ 61. Kg3 Nxg5 62. Kf4 Kf6 63. Ra5 Nh3+ 64. Kg3 Ng5 65. Kh4 Nf3+ 66. Kh5 Ne5 67. Rb5 Nd3 {[#]} (67... Nc4 $14) 68. g5+ $2 (68. Kh6 $1 $18 {Strongly threatening g5+.} Nf2 69. g5+ Ke7 70. Rb7+ Kf8 71. Rb4) 68... Kg7 {The position is equal.} 69. Rb7 Nf4+ 70. Kg4 Ng6 71. Rb5 Ne7 72. Kh5 Ng6 73. Rb4 Ne7 74. Kg4 Ng6 75. Rb7 Ne5+ 76. Kf4 Ng6+ {Weighted Error Value: White=0.44/Black=0.28 (precise)} 1/2-1/2

[Event "Czech Open-Rapid 2022"]
[Site "Pardubice"]
[Date "2022.07.21"]
[Round "6.18"]
[White "Ibrahim, Emad Eldin"]
[Black "Brejnik, Gustav"]
[Result "0-1"]
[ECO "B13"]
[WhiteElo "2028"]
[BlackElo "2292"]
[Annotator "TA"]
[PlyCount "56"]
[EventDate "2022.07.20"]
[EventType "swiss"]
[EventCountry "CZE"]
[SourceTitle "playchess.com"]
[Source "ChessBase"]
[SourceQuality "1"]
[TimeControl "1200+10"]

1. e4 c6 2. d4 d5 3. exd5 cxd5 4. c4 Nf6 5. Nc3 Nc6 6. Bg5 dxc4 7. Bxc4 Qxd4 8. Qxd4 Nxd4 9. O-O-O e5 {[%emt 0:00:01] B13: Caro-Kann: Exchange Variation and Panov-Botvinnik Attack.} 10. f4 Bg4 11. Nf3 $1 Bxf3 {[%emt 0:02:33] 11...Bxf3 is better than 11...Nxf3.} 12. gxf3 Rc8 13. fxe5 Rxc4 14. exf6 {[%emt 0:00:07] [#] Threatens to win with Rhe1+.} Ne6 15. Rhe1 {[%emt 0:03:15] White wants to mate with fxg7.} g6 16. Kb1 Bb4 (16... h5 $14) 17. Bh6 $16 {[%emt 0:01:04][%cal Oc3e4] [#]} Bxc3 $146 ({Predecessor:} 17... Rg8 18. Bg7 Bxc3 19. bxc3 Rc7 20. Kb2 Rd7 21. Rxe6+ {1-0 (21) Gibicar,D (2210)-Padva,L (1956) Borken 2016}) 18. bxc3 Rxc3 (18... Rg8 $16 {might work better.}) 19. f4 $2 (19. Bg7 $18) 19... Rc7 20. Rd3 Rd7 21. Rh3 (21. Red1 $1 $11 {remains equal.} Rxd3 22. Rxd3) 21... Kd8 $17 22. Bg7 Re8 ({Don't do} 22... Nxf4 23. Rf3 Ng2 24. Re2 $16) 23. Rxh7 Nxg7 (23... Rd6 $17 {And now ...Rb6+ would win.} 24. Bh6 Nd4 25. Rxe8+ Kxe8 26. Rh8+ Kd7) 24. fxg7 $11 {[%emt 0:00:17] [#] White threatens Rxe8+ and mate. The position is equal.} Rxe1+ 25. Kc2 {[%emt 0:00:02] aiming for Rh3.} Re2+ 26. Kc3 {[%emt 0:00:05] Black must now prevent Rh3.} Re3+ 27. Kc2 Re2+ 28. Kc3 {[%emt 0:00:02] Strongly threatening Rh3.} Re4 $2 {[%mdl 40960] Weighted Error Value: White=0.19 (very precise) /Black=0.20 (precise) . Loss on time!?} (28... Re3+ $11 {and Black has nothing to worry.} 29. Kb4 Re4+ 30. Kb3 Re3+ 31. Kb4 Re4+ 32. Kb3 Re3+ 33. Kb4) 0-1

[Event "Czech Open-Rapid 2022"]
[Site "Pardubice"]
[Date "2022.07.21"]
[Round "6.19"]
[White "Ret, Adam Josef"]
[Black "Sarkar, Justin"]
[Result "1/2-1/2"]
[ECO "A48"]
[WhiteElo "2023"]
[BlackElo "2346"]
[Annotator "TA"]
[PlyCount "49"]
[EventDate "2022.07.20"]
[EventType "swiss"]
[EventCountry "CZE"]
[SourceTitle "playchess.com"]
[Source "ChessBase"]
[SourceQuality "1"]
[TimeControl "1200+10"]

1. d4 Nf6 2. Nf3 g6 3. b3 Bg7 4. Bb2 O-O 5. e3 c5 6. dxc5 {[%emt 0:02:16] A48: 1 d4 Nf6 2 Nf3 g6: Torre, London and Colle Systems.} Qa5+ 7. c3 Qxc5 8. Ba3 {[%emt 0:01:15] White is slightly better.} Qa5 9. Bxe7 Re8 10. Bxf6 Bxf6 11. Nd4 Nc6 {[%emt 0:00:03] [#] Strongly threatening ...Bxd4.} 12. Qd2 {[%emt 0:00:19] [#]} Nxd4 $146 ({Predecessor:} 12... d5 13. Be2 Bd7 14. O-O Rad8 15. Rc1 Bc8 16. Qb2 h5 17. a4 Qc7 18. Nd2 Bg4 {1-0 (54) Pultinevicius,P (2481)-Antoms,G (2337) Riga 2019}) 13. cxd4 Qd5 {[%emt 0:00:04] Hoping for ...Qxd4.} 14. Nc3 Qxd4 15. Qxd4 Bxd4 16. Rc1 Bxc3+ 17. Rxc3 d5 18. Bb5 d4 {[%emt 0:02:46] aiming for ...Re5.} 19. Rc7 Re5 {[%emt 0:00:08] The position is equal.} 20. Bc4 Be6 21. Bxe6 Rxe6 22. O-O Ra6 23. exd4 Rxa2 24. Rxb7 Rd8 25. Rb4 {[%emt 0:00:24] Weighted Error Value: White=0.02 (flawless) /Black=0.03 (flawless)} ({Don't play} 25. Rd1 {[#]} Rxd4 $1 26. Rf1 a5 $17) 1/2-1/2

[Event "Czech Open-Rapid 2022"]
[Site "Pardubice"]
[Date "2022.07.21"]
[Round "6.21"]
[White "Freibergs, Andrejs"]
[Black "Silar, Lubomir"]
[Result "0-1"]
[ECO "D04"]
[WhiteElo "1574"]
[BlackElo "1993"]
[Annotator "TA"]
[PlyCount "40"]
[EventDate "2022.07.20"]
[EventType "swiss"]
[EventCountry "CZE"]
[SourceTitle "playchess.com"]
[Source "ChessBase"]
[SourceQuality "1"]
[TimeControl "1200+10"]

1. d4 d5 2. Nf3 Nf6 3. e3 g6 4. Bd3 Bg7 5. O-O O-O 6. b3 b6 {[%emt 0:00:34] D04: Colle System.} 7. Bb2 Bb7 8. Nbd2 Nbd7 {[%emt 0:00:16] The position is equal.} 9. Qe2 c5 10. Ne5 Qc7 11. f4 e6 12. c3 a6 13. a4 {[%emt 0:01:01] [#]} Nxe5 $146 ({Predecessor:} 13... Rfc8 14. Ndf3 h6 15. Nxf7 Kxf7 16. Ne5+ Kg8 17. Nxg6 Re8 18. g4 c4 19. Bb1 cxb3 {½-½ (37) Galvan,G (2366)-Polakovic,P (2341) ICCF corr 1999}) 14. fxe5 Nd7 15. Rf2 f6 16. exf6 Nxf6 17. Raf1 e5 {[%emt 0:01:40] [#] Hoping for ...e4.} 18. dxe5 ({Better is} 18. dxc5 $11 e4 19. Bb1) 18... Qxe5 $15 19. Nf3 Qe7 {[%emt 0:00:12] Strongly threatening ...Ng4. Black is more active.} 20. c4 (20. Ng5 $15) 20... Ng4 $1 {[%emt 0:01:28][%csl LRe3,LRf2] Weighted Error Value: White=0.31/Black=0.14 (very precise)} 0-1

[Event "Czech Open-Rapid 2022"]
[Site "Pardubice"]
[Date "2022.07.21"]
[Round "6.22"]
[White "Dosedel, Jiri"]
[Black "Maul, Maik"]
[Result "1-0"]
[ECO "A00"]
[WhiteElo "2008"]
[BlackElo "1568"]
[Annotator "TA"]
[PlyCount "64"]
[EventDate "2022.07.20"]
[EventType "swiss"]
[EventCountry "CZE"]
[SourceTitle "playchess.com"]
[Source "ChessBase"]
[SourceQuality "1"]
[TimeControl "1200+10"]

1. g4 e5 2. Bg2 d5 3. c4 Be6 4. Qb3 c6 5. Qxb7 Nd7 6. cxd5 {[%emt 0:00:08] A00: Irregular Openings.} cxd5 {[%emt 0:00:17] aiming for ...Rc8.} 7. Nc3 (7. Bxd5 $2 Rb8 8. Qxb8 (8. Qc6 $2 Rc8 $19) 8... Qxb8 9. Bxe6 fxe6 $19) 7... Rb8 {[%emt 0:00:16] [#]} 8. Qxa7 $146 {[%emt 0:00:09] Black is better.} ({Predecessor:} 8. Qa6 Bc5 9. e3 Ne7 10. Qe2 O-O 11. h4 e4 12. f4 f5 13. g5 d4 14. exd4 Bxd4 {0-1 (27) Worzelberger,A (1762)-Balzereit,G (1631) Frankfurt 2018}) 8... Bc5 9. Qa4 Ngf6 {[%emt 0:00:08][%mdl 1024] Black has strong compensation.} 10. h3 O-O {[%emt 0:00:02] And now ...Qb6 would win.} 11. d3 Nb6 (11... Qb6 $17 12. Nd1 Rfc8) 12. Qc2 d4 13. Ne4 Nxe4 14. Bxe4 Qe7 15. Nf3 Rfc8 {[%emt 0:00:01] Threatens to win with ...Bb4+.} 16. O-O h5 17. Qd2 (17. Nxe5 $2 Bd6 18. Nc4 (18. Nc6 $2 Qh4 $19) 18... Qh4 $19) 17... hxg4 18. Ng5 (18. hxg4 $11 Bxg4 19. Qg5 Qxg5 20. Nxg5 (20. Bxg5 Nd7 $15)) 18... gxh3 $2 (18... Bb4 $1 $19 19. Qd1 Rxc1 $1 20. Qxc1 Rc8 21. Nxe6 (21. Bh7+ $2 Kh8 $19) 21... Rxc1 22. Rfxc1 fxe6) 19. Nxe6 $11 Qxe6 20. Qg5 {[%emt 0:00:18] Against f5} Be7 21. Qh5 (21. Qf5 $11 {remains equal.} Qxf5 22. Bxf5) 21... g6 $17 22. Qh6 Na4 $36 {[%emt 0:03:09][%mdl 2048] Keeping White busy.} 23. Kh1 h2 $2 {[%emt 0:01:03] Inhibits Rg1.} (23... Nxb2 24. a4 $11) ({Better is} 23... Bf8 $17 24. Qh4 f5) 24. b3 (24. Kxh2 $11 Bf8 25. Qh3) 24... Nc3 $15 25. Bf3 f5 26. Kxh2 Kf7 {[%emt 0:00:26][%cal Bg8f7,Bf7e8,Be8d7][%mdl 32] White must now prevent ...Rh8.} 27. Qh7+ Ke8 {[%emt 0:00:21] ...Kd7 is the strong threat.} 28. Rg1 $2 {[%emt 0:00:20][%mdl 8192] [#]} (28. Kg2 $11 {and White is okay.}) 28... Kd7 $1 $19 {[%emt 0:00:34] Strongly threatening ...Rh8.} ({Weaker is} 28... e4 29. Bf4 (29. dxe4 Kd7 $15) 29... Kd7 30. Bxb8 $14 (30. Rxg6 $2 Rh8 $19)) 29. Rxg6 Rh8 {[%emt 0:00:01] ( -> ...Qxg6)} 30. Rxe6 Rxh7+ 31. Rh6 Rxh6+ 32. Bxh6 Ra8 $4 {[%mdl 8192] Weighted Error Value: White=0.62/Black=0.28 (precise)} 1-0

[Event "Czech Open-Rapid 2022"]
[Site "Pardubice"]
[Date "2022.07.21"]
[Round "6.23"]
[White "Krak, Tomas"]
[Black "Svoboda, Petr"]
[Result "1-0"]
[ECO "E97"]
[WhiteElo "2312"]
[BlackElo "2088"]
[Annotator "TA"]
[PlyCount "199"]
[EventDate "2022.07.20"]
[EventType "swiss"]
[EventCountry "CZE"]
[SourceTitle "playchess.com"]
[Source "ChessBase"]
[SourceQuality "1"]
[TimeControl "1200+10"]

1. Nf3 Nf6 2. c4 g6 3. Nc3 Bg7 4. e4 d6 5. d4 O-O 6. Be2 e5 7. O-O Nc6 8. d5 Ne7 9. b4 Ne8 10. c5 f5 11. Nd2 f4 12. Bg4 h5 (12... Bxg4 $14 13. Qxg4 c6) 13. Bxc8 {E97: King's Indian: Classical Main Line (6...e5 7 0-0 Nc6): 8 Be3 and 8 d5 Ne7, not 9 Ne1.} Qxc8 14. a4 {[%emt 0:00:37] [#]} Qg4 $146 ({Predecessor:} 14... Rf7 15. Ba3 Bf8 16. Nc4 Kh7 17. Qf3 Ng8 18. Rfc1 Ngf6 19. b5 g5 20. b6 g4 {1-0 (46) Yuferev,O (2243)-Filippov,V (2001) Voronezh 2014}) 15. Qxg4 {[%emt 0:02:22] White is better.} hxg4 16. f3 g3 (16... gxf3 $14 17. gxf3 c6) 17. h3 (17. hxg3 $16 {Threatens to win with Nc4.} c6 18. Rd1) 17... a5 (17... c6 $14) 18. Ba3 (18. bxa5 $1 $18 dxc5 19. Ba3) 18... axb4 $16 19. Bxb4 dxc5 20. Bxc5 Nd6 (20... Rf7 $16 {was worth a try.}) 21. Nb5 Nxb5 22. axb5 (22. Bxe7 $18 Nc3 23. Bxf8 Bxf8 24. Rfe1) 22... Bf6 23. Nb3 b6 24. Bb4 Rfd8 25. Rfc1 (25. Nd2 $1 $16) 25... Rxa1 $14 26. Rxa1 Kf7 (26... Nf5 $14) 27. Ra7 ({Better is} 27. Nd2 $1 $18) 27... Rd7 $16 28. Kf1 Nc8 29. Ra8 Nd6 (29... Rd8 $142) 30. Bxd6 cxd6 {[%emt 0:00:10][%mdl 4096] Endgame KRB-KRN} 31. Ke2 $1 Rc7 32. Kd3 {[%emt 0:00:08] Prevents Rc2.} g5 $2 (32... Rd7 $16 33. Nd2 Bd8) 33. Ra6 (33. Rb8 $18 {is the precise move to win.}) 33... Rb7 34. Nd2 ({White should play} 34. Nc1 $1) 34... Bd8 35. Nc4 Ke7 36. Ra8 Kd7 37. Nxd6 {[%emt 0:01:58] White is more active.} Kxd6 38. Rxd8+ {[%emt 0:00:02] KR-KR} Kc5 39. Rg8 (39. Ra8 $1 $14) 39... Ra7 $11 {[%emt 0:00:04] ...Ra3+ is the strong threat.} 40. Rxg5 $2 (40. Rc8+ $11 Kxb5 41. Rc2) 40... Ra3+ $19 41. Kc2 Re3 $2 ({Black should try} 41... Ra2+ $19 42. Kd3 Rxg2) 42. Rxe5 Re2+ 43. Kd3 Rxg2 {[%emt 0:00:01] And now ...Rf2 would win.} 44. Rf5 Rf2 {[%emt 0:00:19] Hoping for ...g2.} 45. Rxf4 g2 46. Rg4 Rxf3+ 47. Ke2 Rf4 {[%emt 0:00:48] ( -> ...Rxg4)} 48. Rxg2 Rxe4+ 49. Kf3 Ra4 {[%emt 0:00:48][%mdl 8192] [#]} (49... Rd4 $11) 50. Rd2 $2 ({Only move:} 50. Rc2+ $1 $18 Kxb5 51. Rd2) 50... Kd6 $11 51. Kg3 Rb4 52. h4 {[%emt 0:00:06] Black must now prevent h5.} Rxb5 53. h5 {[%emt 0:00:09] aiming for h6.} Rb1 $2 {[%emt 0:00:28][%mdl 8192] [#]} (53... Rb3+ $11 54. Kg4 Rb1) 54. Kf4 $2 ({White must play} 54. h6 $1 $18 Rg1+ 55. Rg2) 54... Rh1 55. Kg5 Rg1+ 56. Kf6 Rf1+ 57. Kg6 Rg1+ 58. Kf6 Rf1+ 59. Kg7 Rg1+ 60. Kh7 b5 61. h6 b4 62. Kh8 b3 63. h7 Rg3 64. Rd4 Rg5 65. Rd3 b2 66. Rb3 Rg2 67. Rb5 Rf2 68. Kg7 Rg2+ 69. Kf6 Rf2+ 70. Kg5 Rg2+ 71. Kf5 Rf2+ 72. Ke4 Rh2 73. Rb6+ Kc7 74. Rxb2 $2 Rxh7 75. Ra2 $2 (75. Rc2+ $11 Kd7 76. Ke5) 75... Rh1 $2 (75... Rh6 $11) 76. Ra7+ Kd6 77. Ra6+ Ke7 $2 (77... Kd7 $11) 78. Ra3 $2 (78. Re6+ $11 Kd7 79. Rg6) 78... Rh4+ $2 (78... Rh6 $11) 79. Ke5 Rh5+ $2 (79... Rh6 $11) 80. Kd4 Rh1 $2 (80... Rh6 $11) 81. Rc3 $2 (81. Ra7+ $11 Kd6 82. Rg7 (82. Ra6+ Kd7 $11)) 81... Rh4+ $2 (81... Rh6 $11) 82. Kc5 Kd7 $2 (82... Rh6 $11) 83. Rg3 $2 (83. Kb6 $11) 83... Rh7 $2 (83... Rh6 $11) 84. Rg6 Rf7 $2 (84... Kc7 $11) 85. Ra6 Rf1 $2 (85... Rf4 $11) 86. Ra7+ Kc8 $2 (86... Kd8 $11) 87. Kc6 $2 (87. Ra8+ $11 Kb7 88. Rh8) 87... Rc1+ 88. Kd6 $2 (88. Kb5 $11) 88... Rd1 89. Ra8+ $2 (89. Ke5 $11) 89... Kb7 90. Rh8 $2 (90. Ra3 $11) 90... Rg1 $2 (90... Rd3 $11) 91. Rh2 $2 (91. Ke6 $11 Rg6+ 92. Kf5) 91... Rg6+ $2 (91... Rd1 $11) 92. Ke7 $2 (92. Kd7 $11 Rg7+ 93. Ke6) 92... Rg7+ $2 (92... Kc7 $11) 93. Kf6 $2 (93. Ke6 $11) 93... Rd7 94. Ke6 Rd8 $2 (94... Kc7 $11) 95. Rc2 Re8+ $2 (95... Kb6 $11) 96. Kd7 {[%emt 0:00:02] White mates.} Rh8 97. Rb2+ Ka6 98. Kc6 Rh6+ 99. d6 Ka7 100. Kc7 {Weighted Error Value: White=0.64/Black=0.31} 1-0

[Event "Czech Open-Rapid 2022"]
[Site "Pardubice"]
[Date "2022.07.21"]
[Round "6.24"]
[White "Brozka, Karel"]
[Black "Sir, Zbynek"]
[Result "0-1"]
[ECO "A43"]
[WhiteElo "2188"]
[BlackElo "2199"]
[Annotator "TA"]
[PlyCount "80"]
[EventDate "2022.07.20"]
[EventType "swiss"]
[EventCountry "CZE"]
[SourceTitle "playchess.com"]
[Source "ChessBase"]
[SourceQuality "1"]
[TimeControl "1200+10"]

1. d4 c5 2. d5 b5 3. e4 a6 4. c4 bxc4 5. Bxc4 d6 6. Nc3 {[%emt 0:00:10] A43: Schmid Benoni.} g6 7. f4 Bg7 8. Nf3 {[%emt 0:00:05] [#] White is better.} Nf6 $146 ({Predecessor:} 8... Nd7 9. Qa4 Nh6 10. h3 O-O 11. g4 Nb6 12. Qb3 Nxc4 13. Qxc4 Kh8 14. Be3 a5 {1-0 (41) Obando,R (2110)-Sierra,M (2300) Lima 2004}) 9. O-O Nfd7 {[%emt 0:00:03] Inhibits e5.} 10. Qe2 Nb6 {[%emt 0:00:09] [#]} 11. Be3 (11. Bd3 $1 $16) 11... O-O (11... Nxc4 $11 12. Qxc4 a5) 12. e5 (12. Bd3 $16) 12... Bg4 13. h3 Bxf3 14. Rxf3 N8d7 15. e6 (15. Bxa6 $14 dxe5 16. Bb5) 15... fxe6 $11 16. dxe6 Nf6 17. Bxa6 Qb8 (17... Nfd5 $11 {keeps the balance.} 18. Nxd5 Nxd5) 18. f5 ({White has to play} 18. Rd1 $16) 18... Nfd5 (18... Nbd5 $1 $11 {remains equal.}) 19. Nxd5 ({White should play} 19. Bg5 $16) 19... Nxd5 20. Bc4 $2 {[%emt 0:00:07][%mdl 8192] This move loses the game for White.} (20. Bc1 $11 {and White stays safe.}) 20... Nxe3 $19 21. Rxe3 Bd4 22. fxg6 hxg6 ({Inferior is} 22... Bxe3+ 23. Qxe3 Qxb2 24. gxh7+ Kh8 25. Rd1 $19) 23. Kh1 {[%emt 0:00:06] Strongly threatening Rg3.} Bxe3 24. Qxe3 Qxb2 25. Rd1 Kg7 26. Bd5 Ra3 27. Qg5 Qf6 28. Qg4 Qf5 29. Qh4 Rf6 {[%emt 0:00:24] And now ...Rd3 would win.} 30. Bb3 Qf4 31. Qe1 Ra8 32. Qc3 {[%emt 0:00:32] Against c4} Rc8 {[%emt 0:01:39] Hoping for ...c4.} 33. Bd5 Qb4 34. Qd3 (34. Qxb4 {was worth a try.} cxb4 35. Rd4) 34... c4 35. Qd4 Qc5 36. Qc3 Kg8 37. Rd4 (37. a4 $142) 37... Rf5 $2 (37... Rf1+ 38. Kh2 {[#]} Rc1 $3 ) 38. Bxc4 $2 (38. Qxc4 Kg7 39. Kh2) 38... Rf1+ 39. Kh2 Qe5+ 40. Qg3 Rh1+ {Weighted Error Value: White=0.94/Black=0.41} 0-1

[Event "Czech Open-Rapid 2022"]
[Site "Pardubice"]
[Date "2022.07.21"]
[Round "6.25"]
[White "Brozka, Karel"]
[Black "Contos, Vaclav sr"]
[Result "1-0"]
[ECO "D52"]
[WhiteElo "2188"]
[BlackElo "2074"]
[Annotator "TA"]
[PlyCount "69"]
[EventDate "2022.07.20"]
[EventType "swiss"]
[EventCountry "CZE"]
[SourceTitle "playchess.com"]
[Source "ChessBase"]
[SourceQuality "1"]
[TimeControl "1200+10"]

1. d4 d5 2. c4 e6 3. Nc3 Nf6 4. Nf3 c6 5. Bg5 Nbd7 6. e3 Qa5 7. Bxf6 Nxf6 8. Bd3 Be7 {[%emt 0:00:13] D52: Queen's Gambit Declined: Cambridge Springs Variation.} 9. O-O O-O 10. a3 {[%emt 0:00:21] [#]} Bd7 $146 {[%emt 0:01:26] The position is equal.} ({Predecessor:} 10... dxc4 11. Bxc4 c5 12. Rc1 cxd4 13. exd4 Rd8 14. Qe2 Bd7 15. Rfd1 Rac8 16. Ne5 Be8 {0-1 (27) Nagy,B (2358)-Volkmann,F (2420) Austria 2014}) 11. b4 Qc7 12. Ne5 Be8 13. Qc2 a5 14. Rab1 {[%emt 0:00:31] White is much more active. The black rooks are badly placed.} (14. c5 $14) 14... axb4 $11 15. axb4 h6 16. c5 Nd7 17. f4 (17. Nf3 $14) 17... Nxe5 $15 18. fxe5 f6 19. exf6 Rxf6 20. b5 e5 21. bxc6 Bxc6 (21... bxc6 $15 22. Qb3 Bf7) 22. Qb3 $18 Rd8 23. Rbe1 $2 (23. e4 $1 $18 Kh8 24. exd5 (24. Nxd5 Qd7 $16) 24... exd4 25. Nb5 (25. dxc6 Rxf1+ 26. Rxf1 dxc3 $16) 25... Rxf1+ 26. Rxf1 Bxd5 27. Qxd5 (27. Nxc7 Bxb3 28. Rb1 Bg8 $17) 27... Rxd5 28. Nxc7 Rxc5 29. Ne6) 23... Kh8 $11 24. Bb1 Rxf1+ 25. Rxf1 Bf6 26. Qc2 e4 27. Rf5 b6 {[%emt 0:01:19] And now ...bxc5 would win.} (27... Bg5 $5 28. Qf2 Qc8 $11) 28. Nxd5 Rxd5 $17 (28... Bxd5 29. Rxd5 $1 Re8 30. c6 $16) 29. Qxe4 {[%emt 0:00:06] [#]} Rxf5 (29... Rxd4 $2 30. Qxd4 Qf7 31. cxb6 Bxd4 32. Rxf7 $18) 30. Qxf5 Kg8 31. cxb6 Qxb6 32. Qe6+ {[%emt 0:01:04] [#]} Kf8 $1 ({Don't play} 32... Kh8 33. Ba2 (33. Be4 Qa5 $17) 33... Qd8 34. Qxc6 $16) 33. Bg6 Qc7 {[%emt 0:02:08] Prevents Qf7+.} 34. d5 (34. g3 $17) 34... Bxd5 $4 35. Qe8# {[%emt 0:00:16] What a bad dream for Black.  Weighted Error Value: White=0.34/Black=0.48} ({Weaker is} 35. Qxd5 Bg5 $16) 1-0

[Event "Czech Open-Rapid 2022"]
[Site "Pardubice"]
[Date "2022.07.21"]
[Round "6.26"]
[White "Bertram, Karsten"]
[Black "Vesely, Emanuel"]
[Result "1-0"]
[ECO "A45"]
[WhiteElo "2062"]
[BlackElo "1808"]
[Annotator "NA RC"]
[PlyCount "57"]
[EventDate "2022.07.20"]
[EventType "swiss"]
[EventCountry "CZE"]
[SourceTitle "playchess.com"]
[Source "ChessBase"]
[SourceQuality "1"]
[TimeControl "1200+10"]

1. d4 Nf6 2. Nc3 d5 3. Bf4 Bf5 4. f3 h6 5. g4 Bh7 6. e3 e6 7. Bd3 Bxd3 8. Qxd3 Bd6 9. Nge2 c5 10. dxc5 Bxf4 11. Nxf4 Qa5 12. Qb5+ Qxb5 13. Nxb5 Na6 14. Nd3 O-O 15. a3 Nd7 16. b4 f5 17. Nf4 Rf6 18. Ke2 g5 19. Nd3 e5 20. Nd6 e4 21. fxe4 fxe4 22. Nf2 b6 23. Nf5 bxc5 24. Ne7+ Kg7 25. Nxd5 Rd6 26. c4 Re8 27. Rhd1 Nb6 28. Nxb6 axb6 29. Rxd6 1-0

[Event "Czech Open-Rapid 2022"]
[Site "Pardubice"]
[Date "2022.07.21"]
[Round "6.27"]
[White "Valenta, Vit Vaclav"]
[Black "Tolmacevs, Artjoms"]
[Result "0-1"]
[ECO "A00"]
[WhiteElo "1996"]
[BlackElo "2022"]
[Annotator "TA"]
[PlyCount "73"]
[EventDate "2022.07.20"]
[EventType "swiss"]
[EventCountry "CZE"]
[SourceTitle "playchess.com"]
[Source "ChessBase"]
[SourceQuality "1"]
[TimeControl "1200+10"]

1. b4 e5 2. Bb2 d6 3. d3 Nf6 4. Nd2 Be7 5. Ngf3 O-O 6. g3 {[%emt 0:00:02] A00: Irregular Openings.} a5 {[%emt 0:00:23] [#]} 7. b5 $146 ({Predecessor:} 7. a3 axb4 8. axb4 Rxa1 9. Qxa1 Na6 10. c3 d5 11. Nxe5 d4 12. Bg2 dxc3 13. Bxc3 Bxb4 {½-½ (20) Karmanova,M (2030)-Senin,S (2194) Nizhnij Novgorod 2012}) 7... a4 8. a3 {[%emt 0:00:16] The position is equal.} Bd7 9. c4 c6 10. bxc6 $1 Bxc6 11. Bg2 Nbd7 12. O-O Nc5 13. Bc3 Qd7 14. Bb4 Qc7 15. Qb1 d5 16. Rc1 (16. d4 $14 exd4 17. Nxd4) 16... d4 $15 17. Nh4 Bxg2 {[%emt 0:00:07] Black is more active.} 18. Nxg2 Nfd7 19. e4 f5 20. Re1 ({Better is} 20. exf5 $15 Rxf5 21. Re1) 20... f4 $17 21. gxf4 exf4 22. f3 {[%emt 0:00:03] Now White is beyond hope.} (22. Nf3 $17) 22... Ne5 $19 23. Bxc5 Bxc5 ({Weaker is} 23... Qxc5 24. Qxb7 Nxd3 25. Reb1 $17) 24. Qc2 Qa5 25. Kf1 Qc3 26. Ra2 Nxd3 {[%emt 0:00:33] Black is clearly winning.} 27. Rb1 b6 {[%emt 0:01:41] aiming for ...Ne5.} 28. Ke2 (28. Rd1 $142 Ne5 29. Qxc3 dxc3 30. Nb1) 28... Ne5 {[%emt 0:00:30] [#] Threatens to win with ...d3+.} 29. Qxc3 dxc3 30. Nf1 Nxc4 31. Rc1 Nxa3 32. Rxc3 Nb5 33. Rc4 a3 34. Ne1 Nd4+ 35. Kd1 Rfd8 {[%emt 0:00:30] Strongly threatening ...Nxf3+.} 36. Kc1 {[%emt 0:00:09] [#]} b5 $1 37. Kd1 {Weighted Error Value: White=0.60/Black=0.08 (flawless)} (37. Rc3 b4) 0-1